 Dungeon Crawl Stone Soup version 0.25.1-1-g288607f5aa (webtiles) character file.

Game seed: 7267297227485255009

111 Descartes the Sneak (level 4, 0/21 HPs)
             Began as a Felid Wanderer on July 21, 2020.
             Slain by a worm (11 damage)
             ... on level 3 of the Dungeon.
             The game lasted 00:03:45 (3148 turns).

Descartes the Sneak (Felid Wanderer)                Turns: 3148, Time: 00:03:46

Health: 0/21       AC:  1    Str: 10    XL:     4   Next: 62%
Magic:  5/5        EV: 20    Int: 10    God:
Gold:   104        SH:  0    Dex: 17    Spells: 3/3 levels left
                                        Lives:  0   Deaths: 1

rFire    . . .     SeeInvis +     - Unarmed
rCold    . . .     Gourm    .   (shield unavailable)
rNeg     . . .     Faith    .   (armour unavailable)
rPois    .         Spirit   .   (helmet unavailable)
rElec    .         Reflect  .   (cloak unavailable)
rCorr    .         Harm     .   (gloves unavailable)
MR       .....                  (boots unavailable)
Stlth    ++++......             (no amulet)
HPRegen  0.07/turn              (no ring)
MPRegen  0.09/turn              (no ring)

@: quick
A: very small, no armour, no weapons or thrown items, stealth, claws 1, fangs 3,
see invisible, carnivore, speed 1, shaggy fur 1, slow metabolism 1, sharp paws
a: no special abilities


You were on level 3 of the Dungeon.
You were very full.

You visited 1 branch of the dungeon, and saw 3 of its levels.

You collected 104 gold pieces.

Inventory:

Missiles
 i - 66 stones
 l - 5 arrows
Scrolls
 d - 2 scrolls of teleportation
 e - 3 scrolls of identify {unknown}
 g - a scroll of blinking {unknown}
 j - a scroll of immolation {unknown}
 k - a scroll of enchant armour {unknown}
 n - a scroll of magic mapping {unknown}
 o - a scroll of fear {unknown}
 p - a scroll of remove curse {unknown}
 q - a scroll of amnesia {unknown}
Potions
 a - a potion of berserk rage
 b - a potion of heal wounds
 c - 3 potions of curing
 h - a potion of ambrosia {unknown}
 m - a potion of flight {unknown}
Comestibles
 f - 6 rations


   Skills:
 - Level 3.0 Fighting
 + Level 4.5 Dodging
 + Level 5.8 Stealth
 - Level 5.0 Unarmed Combat


You had 3 spell levels left.
You didn't know any spells.
Your spell library was empty.

Dungeon Overview and Level Annotations

Branches:
Dungeon (3/15)

Altars:
Makhleb


Innate Abilities, Weirdness & Mutations

You cannot wear armour.
You are incapable of wielding weapons or throwing items.
Your paws allow you to move quietly. (Stealth)
You have sharp claws.
You have razor-sharp teeth.
You have supernaturally acute eyesight. (SInv)
You are carnivorous and can eat meat at any time.
You cover ground quickly.
You are covered in fur. (AC +1)
You have a slow metabolism.
Your sharp claws are effective at attacking unaware monsters.


Message History

You kill the orc!
You closely miss the hobgoblin.
The hobgoblin shouts!
Your bite misses the hobgoblin. The hobgoblin misses you.
You claw the hobgoblin!
You kill the hobgoblin!
Items here: $ / = ? † a wand of acid (10); an uncursed ring of stealth a scroll labeled XEETOL XIAPOTO; 39 gold pieces; a hobgoblin corpse You scratch the worm but do no damage.
The worm bites you!
You scratch the worm.
The worm is moderately wounded.
The worm misses you.
You scratch the worm.
The worm is heavily wounded.
You scratch the worm but do no damage.
The worm is heavily wounded.
The worm bites you!
Ouch! That really hurt!
You die...

......# #.###
###.>######## ......#
##'###### #..#
......# ........#
#..## ......#
........# #...#
......# ........##
#.#.# #######
.........# #.#.#
.........####...#
......w.........###
.......@../.........
####......)...#.....#
#####'######.....#
#... #....# #....
....# ...... #..## #
........ # #.........
#


You could see a worm.

Vanquished Creatures
  An orc priest (D:3)
  Natasha (D:3)
  2 adders
  2 worms (D:2)
  3 dart slugs
  A leopard gecko (D:3)
  6 orcs (D:3)
  8 bats
  3 giant cockroaches
  6 goblins
  9 hobgoblins
  3 jackals (D:2)
  2 quokkas (D:3)
  A ball python (D:2)
  6 frilled lizards
  12 kobolds
  5 rats
71 creatures vanquished.

Notes
Turn   | Place    | Note
-------+----------+-------------------------------------------
     0 | D:1      | Descartes the Felid Wanderer began the quest for the Orb.
     0 | D:1      | Descartes set off with the following items: a potion of
                  | berserk rage, a potion of heal wounds, a potion of curing,
                  | a scroll of teleportation, a ration
     0 | D:1      | Reached XP level 1. HP: 10/10 MP: 2/2
     2 | D:1      | Noticed a felid
     2 | D:1      | Noticed a merfolk
     4 | D:1      | Noticed an ogre
     4 | D:1      | Noticed a demigod
     6 | D:1      | Noticed a minotaur
     8 | D:1      | Noticed a centaur
     8 | D:1      | Noticed a dwarf
    10 | D:1      | Noticed a human
    10 | D:1      | Noticed an elf
    12 | D:1      | Noticed a troll
    14 | D:1      | Noticed a vine stalker
    16 | D:1      | Noticed a halfling
    16 | D:1      | Noticed a formicid
    18 | D:1      | Noticed a spriggan
    18 | D:1      | Noticed a vampire
    20 | D:1      | Noticed a ghoul
    20 | D:1      | Noticed a gargoyle
    22 | D:1      | Noticed a draconian
    24 | D:1      | Noticed a demonspawn
    24 | D:1      | Noticed a tengu
    26 | D:1      | Noticed a naga
    26 | D:1      | Noticed an octopode
    52 | D:1      | Reached skill level 1 in Dodging
   101 | D:1      | Reached XP level 2. HP: 14/14 MP: 3/3
   661 | D:1      | Reached XP level 3. HP: 16/17 MP: 4/4
  1906 | D:2      | Found a burning altar of Makhleb.
  1984 | D:2      | Reached XP level 4. HP: 21/21 MP: 5/5
  2390 | D:3      | Reached skill level 5 in Stealth
  2824 | D:3      | Killed from afar by an orc priest
  2825 | D:3      | Reached XP level 3. HP: -1/17 MP: 4/4
  2853 | D:3      | Reached XP level 4. HP: 18/21 MP: 5/5
  2944 | D:3      | Noticed Natasha
  2952 | D:3      | Killed Natasha
  3148 | D:3      | Slain by a worm

Illustrated notes

Levels and vault maps discovered:
D:1:      kb_arrival_jail, layout_basic, st_stairs_11
D:2:      layout_loops_corners, bloody_makhleb
D:3:      layout_basic, uniq_natasha

Skill      XL: |  1  2  3  4 |
---------------+-------------+-----
Dodging        | 1 2 4 |  4.5
Stealth        | 3 4 5 |  5.8
Fighting       | |  3.0
Unarmed Combat | |  5.0

Action                   |  1- 3 |  4- 6 || total
-------------------------+-------+-------++-------
Melee: Unarmed           |    92 |    55 ||   147
       Bite              |     7 |     5 ||    12
 Stab: Sleeping          |    17 |     5 ||    22
  Eat: Chunk             |     8 |     7 ||    15
Armor: Skin              |     5 |     1 ||     6
Dodge: Dodged            |    48 |    30 ||    78
